 Dungeon Crawl Stone Soup version 0.26-a0-52-gd53d4cd058 (webtiles) character file.

Game seed: 7943016839254840276

2953 ICC the Carver (level 9, 0/43 HPs)
             Began as a Vine Stalker Fighter on June 5, 2020.
             Was an Initiate of Wu Jian.
             Slain by a killer bee (2 damage)
             ... on level 7 of the Dungeon.
             The game lasted 00:19:36 (4749 turns).

ICC the Carver (Vine Stalker Fighter)               Turns: 4749, Time: 00:19:37

Health: 0/43       AC: 10    Str: 22 (24) XL:     9   Next: 81%
Magic:  0/22       EV:  9    Int: 10 (11) God:    Wu Jian [......]
Gold:   367        SH:  0    Dex: 13 (14) Spells: 24/24 levels left

rFire    + . .     SeeInvis +   a - +2 short sword (drain)
rCold    . . .     Gourm    .   (no shield)
rNeg     + + .     Faith    .   b - +1 scale mail {rPois}
rPois    +         Spirit   +   v - +1 hat
rElec    .         Reflect  .   l - +0 cloak
rCorr    .         Harm     .   u - +0 pair of gloves
MR       +....                  (no boots)
Stlth    ..........             (no amulet)
HPRegen  0.54/turn              d - ring of Eternal Harmony {rN++ Str+2 Int+3 SInv}
MPRegen  0.18/turn              A - ring of protection from fire

@: lethally poisoned (0 -> -2)
A: fangs 3, regeneration 1, magic shield, antimagic bite, no potion heal 3, rot
immunity
a: Renounce Religion


You were on level 7 of the Dungeon.
You worshipped Wu Jian.
Wu Jian was noncommittal.
You were not hungry.

You visited 2 branches of the dungeon, and saw 9 of its levels.

You collected 367 gold pieces.

Inventory:

Hand Weapons
 a - a +2 short sword of draining (weapon)
 w - a +2 scimitar
Missiles
 k - 2 javelins (quivered)
Armour
 b - a +1 scale mail of poison resistance (worn)
 c - a +2 robe of fire resistance
 l - a +0 cloak (worn)
 u - a +0 pair of gloves (worn)
 v - a +1 hat (worn)
Jewellery
 d - the ring of Eternal Harmony (left hand) {rN++ Str+2 Int+3 SInv}
   (You found it on level 6 of the Dungeon)

   [ring of see invisible]

   It affects your strength (+2).
   It affects your intelligence (+3).
   It greatly protects you from negative energy.
   It lets you see invisible.
 A - a ring of protection from fire (right hand)
Wands
 x - a wand of flame (26)
Scrolls
 j - 7 scrolls of remove curse
 n - 5 scrolls of immolation {unknown}
 o - 2 scrolls of identify {unknown}
 p - 2 scrolls of teleportation {unknown}
 q - 2 scrolls of blinking {unknown}
 r - a scroll of torment {unknown}
 s - a scroll of fog {unknown}
 y - a scroll of enchant weapon {unknown}
Potions
 e - 2 potions of heal wounds {unknown}
 g - 3 potions of degeneration
 h - a potion of flight {unknown}
 i - 3 potions of curing {unknown}
 m - a potion of stabbing {unknown}
 t - a potion of experience {unknown}
 z - a potion of might
 B - a potion of brilliance {unknown}
Comestibles
 f - 10 rations


   Skills:
 - Level 2.6 Fighting
 + Level 9.9 Long Blades
 - Level 2.4 Armour
   Level 2.6 Shields
 - Level 8.0 Spellcasting


You had 24 spell levels left.
You didn't know any spells.
Your spell library was empty.

Dungeon Overview and Level Annotations

Branches:
Dungeon (8/15)             Temple (1/1) D:5
   Lair: D:8-11

Altars:
Ashenzari
Cheibriados
Dithmenos
Elyvilon
Fedhas
Gozag
Hepliaklqana
Makhleb
Nemelex Xobeh
Qazlal
Ru
Sif Muna
Trog
Vehumet
Wu Jian
Xom
Yredelemnul
Zin
The Shining One

Shops:
D:2 *   D:5 %


Innate Abilities, Weirdness & Mutations

You have razor-sharp teeth.
Your natural rate of healing is unusually fast.
When hurt, damage is shared between your health and your magic reserves.
Your bite disrupts and absorbs the magic of your enemies.
Potions cannot restore your health.
You are immune to rotting.


Message History

The killer bee is almost dead.
You feel sick. The killer bee stings you.
You are more poisoned.
The killer bee poisons you! The killer bee stings you.
* * * LOW HITPOINT WARNING * * *
The killer bee stings you.
* * * LOW HITPOINT WARNING * * *
The killer bee stings you!
* * * LOW HITPOINT WARNING * * *
You closely miss the killer bee. Your bite misses the killer bee.
The killer bee is almost dead.
* * * LOW HITPOINT WARNING * * *
You feel sick. The killer bee closely misses you. x2
The killer bee stings you but does no damage.
It was a potion of degeneration.
There was something very wrong with that liquid.
You feel weakened.
You feel dopey.
You feel clumsy.
* * * LOW HITPOINT WARNING * * *
You feel sick. The killer bee barely misses you. The killer bee stings you.
You die...

..........# #.#.###...####..#
#...#####.###....##.........#
...######.##......)).......##
#............###.###.#######
#.#.##.##.##.# #.......#
#.#.##.##.##.###.###.#.#
#.#.##.##.##.....# #.#.#
..........##.#.### #.#.#
...............y@# #.#.#
#########.##.#.#y# #.#.# #
#.##.#.#.###.#.#
#..))).#.....#.#
####)#########.# #)# #.# #.#
#.# #.#########.#
#...........#


You could see 2 killer bees.

Vanquished Creatures
  Joseph (D:7)
  Prince Ribbit (D:5)
  2 hungry ghosts (D:7)
  A water moccasin (D:5)
  2 phantoms
  3 ogres (D:5)
  A centaur (D:6)
  Blork the orc (D:4)
  A bullfrog (D:5)
  A scorpion (D:7)
  A water moccasin skeleton (D:3)
  5 wights (D:6)
  3 killer bees (D:8)
  A crimson imp (D:6)
  2 centaur zombies
  2 hounds
  A jelly (D:6)
  Crazy Yiuf (D:3)
  3 orc priests
  6 orc wizards
  5 worker ants
  4 iguanas
  2 hound skeletons
  4 gnolls (D:3)
  8 adders
  A shadow imp (D:5)
  An ooze (D:2)
  An adder skeleton (D:4)
  2 adder zombies
  3 worms
  3 dart slugs
  2 leopard geckos
  30 orcs
  5 giant cockroaches
  10 hobgoblins
  7 jackals
  2 quokkas
  A ball python (D:4)
  11 bats
  9 frilled lizards
  A goblin (D:2)
  A jackal skeleton (D:7)
  A jackal zombie (D:6)
  6 kobolds
  12 rats
171 creatures vanquished.

Notes
Turn   | Place    | Note
-------+----------+-------------------------------------------
     0 | D:1      | ICC the Vine Stalker Fighter began the quest for the Orb.
     0 | D:1      | Reached XP level 1. HP: 11/11 MP: 2/2
   146 | D:1      | Reached skill level 2 in Long Blades
   146 | D:1      | Reached skill level 1 in Spellcasting
   175 | D:1      | Reached XP level 2. HP: 7/16 MP: 4/4
   292 | D:1      | Reached XP level 3. HP: 8/19 MP: 5/7
   506 | D:2      | Gained mutation: Your natural rate of healing is unusually
                  | fast. [Vine Stalker growth]
   506 | D:2      | Reached XP level 4. HP: 10/23 MP: 4/9
   777 | D:2      | Found Zin's Purification Station.
   779 | D:2      | Found a glowing silver altar of Zin.
  1244 | D:3      | Reached XP level 5. HP: 27/27 MP: 7/11
  1249 | D:3      | Reached skill level 3 in Long Blades
  1363 | D:3      | Reached XP level 6. HP: 27/32 MP: 13/13
  1813 | D:3      | Found a runed translucent door.
  1814 | D:3      | Noticed Crazy Yiuf
  1823 | D:3      | Killed Crazy Yiuf
  1823 | D:3      | Reached skill level 5 in Spellcasting
  2156 | D:4      | Noticed Blork the orc
  2171 | D:4      | Killed Blork the orc
  2171 | D:4      | Reached skill level 4 in Long Blades
  2171 | D:4      | Reached XP level 7. HP: 29/35 MP: 14/16
  2255 | D:4      | Found a snail-covered altar of Cheibriados.
  2310 | D:4      | Found a sparkling altar of Nemelex Xobeh.
  2416 | D:4      | Found a sacrificial altar of Ru.
  2464 | D:5      | Entered Level 5 of the Dungeon
  2481 | D:5      | Found a staircase to the Ecumenical Temple.
  2486 | Temple   | Entered the Ecumenical Temple
  2642 | D:5      | Noticed Prince Ribbit
  2827 | D:5      | Found Uhic's Food Emporium.
  2842 | D:5      | Gained mutation: You have razor-sharp teeth. [Vine Stalker
                  | growth]
  2842 | D:5      | Reached XP level 8. HP: 37/39 MP: 17/19
  2900 | D:5      | Killed Prince Ribbit
  2900 | D:5      | Reached skill level 5 in Long Blades
  3295 | D:6      | Reached skill level 6 in Long Blades
  3302 | D:6      | Found a white marble altar of Elyvilon.
  3392 | D:6      | Reached skill level 7 in Long Blades
  3412 | D:6      | Found a glowing golden altar of the Shining One.
  3414 | D:6      | Got a faintly glowing iron ring
  3415 | D:6      | Identified the ring of Eternal Harmony {rN++ Str+2 Int+3
                  | SInv} (You found it on level 6 of the Dungeon)
  3489 | D:6      | Reached XP level 9. HP: 40/43 MP: 19/22
  3704 | D:6      | Found a shimmering altar of Xom.
  3705 | D:6      | Found a bloodstained altar of Trog.
  3848 | D:6      | Reached skill level 8 in Long Blades
  4074 | D:7      | Noticed Joseph
  4094 | D:7      | Killed Joseph
  4191 | D:7      | Reached skill level 9 in Long Blades
  4282 | D:7      | Found an ornate altar of the Wu Jian Council.
  4289 | D:7      | Became a worshipper of the Wu Jian Council
  4331 | D:7      | Found a blossoming altar of Fedhas.
  4496 | D:7      | Found a shattered altar of Ashenzari.
  4748 | D:7      | HP: 2/43 [poisoned by a killer bee]
  4749 | D:7      | Slain by a killer bee

Illustrated notes

Levels and vault maps discovered:
D:1:      zelgadis_glass_arrival_large, layout_rooms
D:2:      layout_loops_ring, zin_purify, grunt_ministairs_13,
          minmay_misc_feat_cross
D:3:      layout_basic, uniq_crazy_yiuf_cottage
D:4:      minmay_wonky_spiral, layout_cave_pools, kennysheep_mini,
          kennysheep_slug_shrine, nicolae_ru_great_annihilating_truth,
          uniq_blork_the_orc
D:5:      layout_cave_pools, temple_doors_e, serial_shops, nicolae_shop_crystal,
          first_ration, hangedman_abyss_or_decor_stagger, uniq_prince_ribbit1
D:6:      layout_loops_ring, chequers_temple_overflow_statue_of_worship,
          elyvilon_altar_3
D:7:      layout_loops_ring, overflow_temple_1_default,
          nicolae_overflow_crystal_walls, kennysheep_little_box, uniq_joseph
D:8:      layout_basic, serial_shops, shop, david_nohive_1
Temple:   nicolae_temple_figure_zero

Skill      XL: |  1  2  3  4  5  6  7  8  9 |
---------------+----------------------------+-----
Long Blades    | 2 3 4 7 9 |  9.9
Spellcasting   | 1 2 3 4 5 7 8 |  8.0
Fighting       | |  2.6
Armour         | |  2.4
Shields        | |  2.6

Action                   |  1- 3 |  4- 6 |  7- 9 || total
-------------------------+-------+-------+-------++-------
Melee: Long sword        |    63 |    96 |    43 ||   202
       Bite              |    19 |    57 |    87 ||   163
       Short sword       |     4 |   124 |   132 ||   260
       Scimitar          |       |       |   116 ||   116
Throw: Javelin           |       |     2 |    10 ||    12
Invok: Lunge             |       |       |     3 ||     3
  Use: Scroll            |       |     1 |       ||     1
       Potion            |       |       |     2 ||     2
 Stab: Paralysed         |       |       |     1 ||     1
  Eat: Chunk             |       |     5 |    10 ||    15
       Ration            |       |       |     1 ||     1
Armor: Scale mail        |    43 |    86 |   129 ||   258
       Ring mail         |       |     2 |       ||     2
Dodge: Dodged            |    43 |    98 |   132 ||   273
       Rpst.: Long sword |    12 |    21 |     7 ||    40
       Scimitar          |       |       |     9 ||     9

Table legend:
 A = Non-vault XP
 B = Vault XP
 C = Vault XP percentage of total XP
 D = Non-vault monster count
 E = Vault monster count
 F = Vault count percentage of total count
                 A         B        C        D         E       F
            +---------+---------+-------+---------+---------+-------
      Total |    3054 |    1165 |  27.6 |     153 |      18 |  10.5
            +---------+---------+-------+---------+---------+-------
        D:1 |      38 |       0 |   0.0 |      24 |       0 |   0.0
        D:2 |      78 |      14 |  15.2 |      20 |       2 |   9.1
        D:3 |     290 |      41 |  12.4 |      33 |       1 |   2.9
        D:4 |      89 |     211 |  70.3 |       6 |      10 |  62.5
        D:5 |     813 |     283 |  25.8 |      18 |       1 |   5.3
        D:6 |     901 |       0 |   0.0 |      33 |       0 |   0.0
        D:7 |     845 |     430 |  33.7 |      19 |       1 |   5.0
        D:8 |       0 |     186 | 100.0 |       0 |       3 | 100.0
            +---------+---------+-------+---------+---------+-------
